AoeStats
← Cbear

Glade

510407195Analyzed
1v1 RM · 1d ago on Sep 30, 2026· 43m 43s· 2 players
Game mode
Random Map
Map size
Tiny (2 player)
Population
200
Speed
Normal
Resources
Standard
Victory
Conquest
Starting age
Dark Age
Ending age
Imperial Age
RankedLock teamsTeams togetherTeam positionsShared explorationLock speedFull tech treeHidden civsTurbo modeCheats
Victory
Defeat
🇺🇸 Persians · United States
482
+10
🇭🇰 Britons · Hong Kong SAR China
338
-10
灰狼
10:08 Feudal Age
13:25 Town Watch
14:16 Wheelbarrow
13:34 Loom
14:00 Double-Bit Axe
16:37 Padded Archer Armor
16:28 Fletching
16:49 Forging
22:10 Castle Age
23:35 Bodkin Arrow
23:56 Leather Archer Armor
24:16 Iron Casting
28:33 Town Patrol
32:14 Iron Casting
31:43 Scale Mail Armor
32:35 Hand Cart
39:53 Imperial Age
39:46 Ballistics
40:12 Pikeman
40:53 Squires
41:57 Halberdier
43:45 Husbandry
Cbear
7:22 Loom
10:41 Feudal Age
11:09 Double-Bit Axe
14:54 Horse Collar
18:58 Wheelbarrow
23:24 Castle Age
22:40 Stone Mining
22:42 Gold Mining
24:46 Bow Saw
24:51 Heavy Plow
29:54 Kamandaran
30:02 Town Watch
29:43 Crossbowman
32:04 Thumb Ring
33:58 Gold Shaft Mining
39:05 Imperial Age
36:54 Hand Cart
37:17 Padded Archer Armor
37:08 Fletching
38:54 Leather Archer Armor
38:35 Bodkin Arrow
39:49 Conscription
41:06 Two-Man Saw
40:13 Capped Ram
42:41 Ballistics
43:01 Town Patrol
44:02 Ring Archer Armor
43:38 Siege Ram
Connection lost

Rejoining the realm…

Still unreachable

The connection could not be restored.

Session expired

The server has moved on; the page needs a fresh start.